Map: Overgrown Facility

Players

Nahkis

  • Race: Terran Terran
  • Spawn Location: 7:00

PureLegacy

  • Race: Terran Terran
  • Spawn Location: 9:00

Infinity

  • Race: Protoss Protoss
  • Spawn Location: 1:00

stef

  • Race: Zerg Zerg
  • Spawn Location: 3:00

VOD

Have the link to the VOD?

Description

Time

  • Played on: Dec. 3, 2018, 10:41 a.m.
  • Length: 9:30
Show
View Real Time Build Order
Export as new Build Order

Nahkis Terran 

Build Orders: Reaper Expand 

Get SALT Encoding   

  12  0:01  SCV  
  13  0:13  SCV  
  14  0:18  Supply Depot  
  14  0:25  SCV  
  15  0:40  Refinery, SCV  
  16  0:46  Barracks  
  16  0:52  SCV  
  17  1:04  SCV  
  18  1:16  SCV  
  19  1:32  Orbital Command  
  19  1:33  Reaper  
  20  1:46  Command Center  
  20  2:01  Factory  
  20  2:02  SCV  
  21  2:11  Supply Depot  
  21  2:15  SCV  
  22  2:17  Refinery  
  22  2:26  Barracks Reactor  
  22  2:27  SCV  
  23  2:39  SCV  
  24  2:51  SCV  
  25  3:01  Orbital Command  
  25  3:03  SCV  
  26  3:11  Hellion, Starport  
  26  3:12  Supply Depot  
  28  3:15  Hellion, SCV  
  28  3:19  Marine  
  32  3:27  SCV  
  32  3:31  Engineering Bay  
  33  3:37  Hellion x2  
  33  3:38  Marine  
  33  3:39  SCV  
  38  3:43  SCV  
  39  3:56  Marine, SCV x2  
  39  4:00  Missile Turret  
  39  4:01  Starport Reactor  
  42  4:03  Missile Turret  
  42  4:08  SCV  
  45  4:10  Hellion x2  
  45  4:12  SCV  
  48  4:19  Missile Turret  
  48  4:20  SCV  
  48  4:22  Marine  
  50  4:27  Hi-Sec Auto Tracking  
  50  4:31  Barracks  
  50  4:45  Marine  
  49  4:46  Hellion x2  
  49  4:49  Medivac  
  49  4:50  Supply Depot  
  49  4:51  Medivac  
  52  5:02  Marine  
  52  5:06  SCV x2  
  55  5:07  Hellion  
  55  5:11  Barracks x2  
  57  5:17  Hellion  
  57  5:19  Barracks Tech Lab  
  57  5:20  Marine  
  60  5:22  Refinery  
  60  5:26  Terran Infantry Weapons Level 1  
  60  5:38  Marine, Hellion  
  63  5:56  Marine  
  54  6:04  Barracks Tech Lab  
  54  6:06  Marine x2, Stimpack  
  54  6:08  SCV x2  
  58  6:12  Command Center  
  58  6:14  Marine  
  58  6:17  Refinery  
  59  6:20  SCV x2  
  59  6:24  Marine  
  62  6:29  Marine  
  62  6:30  Marine  
  62  6:31  Marine  
  62  6:32  SCV x2, Widow Mine  
  69  6:42  Combat Shield  
  69  6:44  SCV x2  
  71  6:51  Barracks Reactor x2  
  71  6:55  Marine x2  
  71  6:56  SCV x2  
  71  6:58  Widow Mine  
  77  7:08  SCV x2  
  79  7:20  SCV  
  79  7:21  SCV  
  81  7:24  Medivac, Marauder x2  
  81  7:25  Medivac  
  81  7:29  Terran Infantry Armor Level 1  
  89  7:32  SCV  
  89  7:33  Armory, SCV  
  91  7:38  Engineering Bay  
  91  7:42  Marine x2  
  91  7:43  Marine  
  94  7:45  Marauder  
  96  7:56  Orbital Command  
  96  7:59  Missile Turret  
  96  8:00  Missile Turret, SCV  
  96  8:01  Missile Turret  
  96  8:04  Marine x3  
  100  8:07  Concussive Shells  
  98  8:17  Starport  
  98  8:19  SCV x2  
  94  8:20  Factory Tech Lab  
  94  8:22  Marine x2  
  94  8:23  Marauder x2  
  100  8:29  SCV  
  100  8:30  Factory  
  101  8:39  Supply Depot  
  101  8:40  Supply Depot  
  101  8:41  Refinery  
  101  8:42  Refinery  
  101  8:46  Supply Depot  
  101  9:01  Marine x4, SCV x3, Marauder  
  101  9:02  Marauder  
  112  9:13  SCV x3  
  95  9:22  Factory Tech Lab  
Show
View Real Time Build Order
Export as new Build Order

PureLegacy Terran 

Build Orders:  

Get SALT Encoding   

  12  0:00  SCV  
  13  0:13  SCV  
  14  0:18  Supply Depot  
  14  0:25  SCV  
  15  0:29  Refinery  
  15  0:39  SCV  
  16  0:46  Barracks  
  16  0:51  SCV  
  17  1:03  Barracks  
  17  1:17  Barracks  
  17  1:21  SCV  
  18  1:34  Reaper  
  19  1:40  Orbital Command  
  19  1:51  Refinery  
  19  1:52  Reaper  
  20  2:03  Supply Depot  
  20  2:04  Reaper  
  21  2:10  Reaper  
  21  2:15  SCV  
  23  2:25  Reaper  
  23  2:28  SCV  
  23  2:29  Supply Depot  
  25  2:36  Reaper  
  26  2:43  SCV  
  26  2:54  Reaper  
  26  2:56  SCV  
  28  3:04  Reaper  
  29  3:11  Reaper  
  30  3:17  Command Center  
  30  3:18  SCV  
  31  3:26  Reaper  
  31  3:27  Engineering Bay  
  32  3:37  Reaper  
  33  3:53  Missile Turret  
  33  3:57  Barracks Reactor  
  33  4:02  SCV  
  27  4:14  SCV  
  27  4:15  Barracks Tech Lab, Barracks Reactor  
  26  4:22  Factory  
  26  4:26  SCV  
  25  4:43  Marine  
  25  4:44  Marine x2  
  28  4:48  Stimpack  
  28  4:49  Orbital Command  
  28  4:50  SCV  
  27  4:58  Marine  
  27  4:59  Marine  
  26  5:02  SCV  
  27  5:10  Marine x3  
  30  5:14  SCV  
  30  5:15  SCV  
  31  5:22  Factory Reactor, Starport  
  31  5:27  SCV  
  31  5:28  SCV  
  33  5:34  Terran Infantry Weapons Level 1  
  33  5:39  SCV  
  33  5:40  SCV  
  35  5:45  Marine x5  
  35  5:49  Missile Turret  
  40  5:50  Supply Depot  
  40  5:51  SCV  
  40  5:52  SCV  
  42  6:03  SCV  
  44  6:04  Marine, SCV  
  44  6:05  Marine x3  
  44  6:09  Medivac x2  
  52  6:15  Supply Depot  
  52  6:16  SCV x2  
  54  6:19  Marine  
  55  6:28  SCV x2  
  57  6:35  Command Center  
  57  6:40  SCV  
  58  6:47  SCV  
  58  6:49  Combat Shield  
  58  6:51  Supply Depot  
  58  6:52  Marine x4, SCV  
  64  7:01  Marine  
  64  7:03  Medivac x2  
  57  7:16  Marine  
  57  7:17  Marine x3  
  57  7:19  Marine, SCV x2  
  57  7:22  Barracks  
  64  7:23  Barracks  
  64  7:28  Terran Infantry Armor Level 1  
  64  7:33  SCV x2  
  64  7:35  Refinery, Supply Depot  
  64  7:36  Refinery  
  66  7:47  Marine  
  66  7:48  Marine x4  
  70  7:52  SCV x2  
  72  8:04  SCV x2  
  72  8:05  Marine x2  
  74  8:06  Marine x3  
  74  8:08  Medivac x2  
  83  8:13  Barracks Tech Lab x2  
  83  8:14  Concussive Shells  
  83  8:19  Engineering Bay  
  83  8:21  Armory  
  83  8:22  Supply Depot  
  83  8:23  SCV x2  
  85  8:35  SCV  
  85  8:36  Marine, SCV  
  85  8:37  Marine x3  
  85  8:38  Marauder x2  
  85  8:40  Marauder  
  97  8:45  Orbital Command  
  97  8:48  SCV  
  97  8:49  SCV  
  99  9:02  Supply Depot, SCV x2  
  101  9:03  Supply Depot  
  101  9:05  Marine x3  
Show
View Real Time Build Order
Export as new Build Order

Infinity Protoss 

Build Orders: 1 Gate Expand, Oracle Opening 

Get SALT Encoding   

  12  0:01  Probe  
  13  0:13  Probe  
  14  0:18  Pylon  
  14  0:25  Probe  
  15  0:33  Probe  
  15  0:39  Gateway  
  15  0:41  Probe  
  16  0:48  Assimilator  
  17  0:51  Probe  
  18  0:59  Probe  
  19  1:07  Probe  
  20  1:26  Nexus  
  20  1:36  Cybernetics Core  
  20  1:39  Probe  
  21  1:44  Assimilator  
  21  1:51  Probe  
  22  1:57  Pylon  
  22  2:03  Probe  
  22  2:06  Adept  
  23  2:14  Warp Gate  
  23  2:15  Probe  
  26  2:23  Stargate  
  26  2:27  Probe  
  27  2:33  Adept  
  29  2:39  Probe  
  30  2:45  Probe  
  31  2:53  Probe  
  31  2:56  Oracle  
  31  2:57  Probe  
  31  2:58  Adept  
  35  3:05  Probe  
  35  3:09  Probe  
  40  3:17  Adept, Probe  
  41  3:21  Probe  
  44  3:30  Probe  
  44  3:33  Probe  
  44  3:40  Pylon  
  44  3:42  Probe  
  44  3:47  Probe  
  45  3:53  Pylon  
  46  3:58  Oracle  
  49  4:03  Probe  
  50  4:16  Probe x2  
  51  4:18  Nexus  
  51  4:20  Robotics Facility  
  51  4:22  Assimilator  
  52  4:24  Probe  
  52  4:26  Assimilator  
  52  4:28  Probe  
  54  4:34  Probe  
  54  4:35  Forge  
  54  4:37  Adept  
  57  4:41  Probe  
  58  4:46  Probe  
  57  4:53  Probe  
  57  4:56  Probe  
  55  5:04  Probe  
  55  5:05  Probe  
  55  5:06  Gateway x2  
  56  5:07  Pylon  
  56  5:12  Probe  
  56  5:17  Observer  
  56  5:18  Protoss Ground Weapons Level 1, Probe  
  56  5:20  Probe  
  59  5:25  Robotics Bay  
  59  5:28  Probe, Sentry  
  62  5:30  Probe  
  62  5:32  Immortal  
  62  5:33  Twilight Council, Probe  
  65  5:39  Probe  
  70  5:43  Probe  
  71  5:59  Probe  
  71  6:00  Probe  
  71  6:01  Stalker x2  
  71  6:02  Stalker, Probe  
  71  6:04  Shield Battery  
  80  6:07  Pylon  
  80  6:11  Probe, Extended Thermal Lance  
  80  6:12  Colossus, Probe  
  80  6:15  Probe  
  80  6:16  Pylon  
  83  6:25  Probe  
  84  6:27  Pylon  
  84  6:31  Probe, Forge  
  84  6:32  Forge  
  91  6:33  Probe  
  91  6:34  Blink  
  91  6:39  Probe  
  93  6:44  Probe  
  94  6:47  Probe  
  94  6:51  Probe  
  94  6:53  Gateway  
  96  6:55  Gateway  
  96  6:56  Probe  
  96  6:59  Stalker x3, Colossus  
  103  7:02  Assimilator  
  103  7:05  Protoss Ground Weapons Level 2  
  103  7:08  Assimilator  
  109  7:22  Protoss Ground Armor Level 1  
  109  7:23  Pylon  
  109  7:30  Gateway  
  109  7:31  Gateway  
  109  7:35  Gateway x2  
  109  7:36  Protoss Shields Level 1  
  109  7:37  Pylon x2  
  109  7:47  Zealot x2  
  109  7:48  Zealot  
  115  7:54  Nexus  
  115  7:57  Pylon  
  115  8:02  Stalker, Colossus  
  123  8:09  Probe  
  124  8:13  Stalker x2  
  128  8:21  Probe  
  128  8:22  Probe  
  128  8:23  Pylon  
  128  8:24  Pylon  
  130  8:27  Stalker x2  
  130  8:32  Stalker x2  
  138  8:39  Pylon  
  138  8:40  Pylon  
  138  8:44  Stalker, Pylon  
  138  8:48  Sentry x2  
  144  8:54  Pylon  
  144  8:55  Pylon  
  141  8:58  Stalker x2  
  141  9:00  Stalker  
  144  9:10  Stalker x3  
  144  9:13  Stalker  
  144  9:14  Stalker  
Show
View Real Time Build Order
Export as new Build Order

stef Zerg 

Build Orders: Hatch First 

Get SALT Encoding   

  12  0:01  Drone  
  13  0:12  Overlord  
  13  0:18  Drone  
  14  0:31  Drone x2  
  16  0:38  Drone  
  17  0:55  Hatchery  
  16  1:01  Drone, Extractor  
  16  1:16  Spawning Pool  
  16  1:17  Drone  
  16  1:20  Drone  
  17  1:26  Drone  
  18  1:35  Drone  
  19  2:03  Queen  
  19  2:06  Metabolic Boost  
  19  2:08  Queen  
  21  2:13  Zergling x4  
  21  2:15  Drone x2  
  27  2:20  Drone  
  28  2:28  Baneling Nest  
  27  2:36  Zergling x4  
  26  2:48  Queen  
  28  3:05  Overlord  
  27  3:22  Overlord  
  27  3:25  Zergling x6  
  27  3:26  Zergling x6  
  33  3:38  Zergling x6  
  33  3:39  Zergling x2  
  32  3:52  Zergling x2  
  32  3:53  Zergling x6  
  34  4:12  Drone  
  34  4:13  Overlord  
  35  4:28  Drone, Hatchery  
  35  4:33  Evolution Chamber x2  
  24  4:38  Zergling x2  
  24  4:39  Zergling x8  
  24  4:41  Zergling x2  
  29  4:48  Zergling x2  
  29  4:49  Zergling x2  
  31  4:54  Drone  
  32  5:03  Drone x3  
  35  5:14  Drone x2  
  35  5:15  Drone x2  
  38  5:37  Zergling x2  
  38  5:38  Zergling x10  
  44  5:42  Baneling  
  44  5:43  Baneling x2  
  44  5:47  Zergling x10  
  44  6:00  Drone x3  
  44  6:01  Drone x2  
  48  6:07  Drone  
  49  6:14  Overlord  
  49  6:15  Overlord  
  49  6:32  Queen x2  
  49  6:34  Zerg Melee Weapons Level 1  
  49  6:35  Zerg Ground Armor Level 1  
  49  6:36  Drone x2  
  49  6:38  Drone  
  56  6:43  Lair  
  56  6:48  Drone x2  
  56  6:49  Drone  
  56  6:50  Drone  
  56  6:53  Drone  
  61  6:57  Drone  
  61  6:58  Drone x2  
  61  6:59  Drone  
  57  7:19  Zergling x8  
  57  7:20  Zergling x10  
  57  7:21  Baneling x2  
  66  7:50  Centrifical Hooks  
  66  7:51  Overlord x2  
  66  7:54  Overlord, Extractor  
  66  7:55  Overlord, Extractor  
  64  7:58  Extractor  
  64  8:03  Drone x2, Infestation Pit  
  64  8:04  Drone x2  
  66  8:09  Overlord  
  66  8:11  Drone x7  
  71  8:21  Drone  
  71  8:22  Drone x5, Extractor  
  71  8:26  Drone  
  77  8:29  Drone  
  77  8:30  Hatchery  
  77  8:38  Drone  
  77  8:39  Drone x3  
  81  8:50  Overlord x2  
  81  8:51  Zergling x2, Extractor  
  81  8:52  Zergling x6  
  84  8:57  Baneling  
  84  8:58  Baneling x3  
  84  9:00  Zergling x2  
  85  9:07  Zergling x16  
Tags
 
Add a new tag
Caveats
  • Supply blocks, unpowered buildings, or Contaminate may cause inaccurate times.
  • Supply counts are checked every 10 seconds.